 Dungeon Crawl Stone Soup version 0.19.0-22-gd96e5fe (console) character file.

450 2d6 the Caller (level 7, -1/57 HPs)
             Began as a Hill Orc Summoner on Nov 18, 2016.
             Was a Follower of Beogh.
             Slain by a hippogriff (4 damage)
             ... on level 5 of the Dungeon.
             The game lasted 00:23:19 (4787 turns).

2d6 the Caller (Hill Orc Summoner)                  Turns: 4787, Time: 00:23:19

Health: -1/57      AC:  7    Str: 11    XL:     7   Next: 4%
Magic:  4/11       EV: 12    Int: 19    God:    Beogh [*.....]
Gold:   153        SH:  0    Dex: 11    Spells: 4 memorised, 3 levels left

rFire  . . .     SeeInvis .     N - +0 halberd
rCold  + . .     Gourm    .     O - +2 robe {rN+}
rNeg   + + .     Faith    .     (shield currently unavailable)
rPois  .         Spirit   .     C - +2 helmet
rElec  .         Reflect  .     (no cloak)
rCorr  .         Harm     .     (no gloves)
MR     .....                    (no boots)
Stlth  ++........               F - amulet of regeneration
                                A - ring of protection from cold
                                h - ring of positive energy

@: very slightly contaminated
A: clever 1, MP-powered wands
a: Renounce Religion


You were on level 5 of the Dungeon.
You worshipped Beogh.
Beogh was aware of your devotion.
You were hungry.

You visited 1 branch of the dungeon, and saw 5 of its levels.

You collected 153 gold pieces.

Inventory:

Hand Weapons
 a - a +0 spear
 b - a +3 hunting sling
 d - a +0 dagger
 G - a +3 dagger
 N - a +0 halberd (weapon)
Missiles
 y - 159 stones (quivered)
Armour
 j - a +2 robe of fire resistance
 l - a +0 robe
 q - a +0 chain mail
 C - a +2 helmet (worn)
 J - a +0 leather armour
 O - a +2 robe of positive energy (worn)
Jewellery
 h - a ring of positive energy (left hand)
 A - a ring of protection from cold (right hand)
 F - an amulet of regeneration (around neck)
Wands
 p - a wand of polymorph (12/24)
 Q - a wand of iceblast (7/15)
Scrolls
 e - 3 scrolls of identify
 g - 2 scrolls of blinking
 i - 2 scrolls of immolation {unknown}
 r - 3 scrolls of remove curse {unknown}
 u - 2 scrolls of recharging {unknown}
 v - a scroll of random uselessness {unknown}
 D - 3 scrolls of teleportation {unknown}
 E - 2 scrolls of amnesia {unknown}
 H - a scroll of magic mapping {unknown}
 P - a scroll of enchant weapon {unknown}
Potions
 f - a potion of magic {unknown}
 m - a potion of cancellation
 o - a potion of lignification {unknown}
 s - a potion of invisibility {unknown}
 t - a potion of curing
 w - 2 potions of flight {unknown}
 B - 2 potions of mutation
 I - a potion of might {unknown}
 L - a potion of degeneration {unknown}
Books
 x - a book of Callings

   Spells                             Type                      Level
   a - Summon Small Mammal            Summoning                    1
   b - Call Imp                       Summoning                    2
   c - Call Canine Familiar           Summoning                    3
   d - Summon Guardian Golem          Hexes/Summoning              3
   e - Summon Lightning Spire         Summoning/Air                4
   f - Summon Ice Beast               Ice/Summoning                4
 z - a book of Minor Magic

   Spells                             Type                      Level
   a - Magic Dart                     Conjuration                  1
   b - Blink                          Translocation                2
   c - Call Imp                       Summoning                    2
   d - Repel Missiles                 Charms/Air                   2
   e - Slow                           Hexes                        2
   f - Conjure Flame                  Conjuration/Fire             3
   g - Mephitic Cloud                 Conjuration/Poison/Air       3
Comestibles
 c - 4 bread rations
 k - 5 fruits
 n - 2 meat rations
 K - a slice of pizza
 M - a royal jelly


   Skills:
 + Level 3.1 Fighting
 + Level 3.1 Armour
 - Level 1.5 Dodging
 - Level 1.5 Stealth
 + Level 2.7 Spellcasting
 + Level 5.3 Summonings
 + Level 1.3 Translocations
 + Level 2.7 Invocations


You had 3 spell levels left.
You knew the following spells:

 Your Spells              Type           Power        Failure   Level  Hunger
a - Summon Small Mammal   Summ           ###.         1%          1    None
b - Call Imp              Summ           ###.....     3%          2    ##.....
c - Blink                 Tloc           N/A          14%         2    ##.....
d - Call Canine Familiar  Summ           ###.....     8%          3    ###....


Dungeon Overview and Level Annotations

Branches:
Dungeon (5/15)
 Temple: D:4-7

Altars:
Ashenzari
Dithmenos
Okawaru
Trog
Uskayaw
Zin


Innate Abilities, Weirdness & Mutations

Your mind is acute. (Int +2)
You expend magic power (3 MP) to strengthen your wands.


Message History

The hippogriff is severely wounded.
Your hound bites the hippogriff.
The hippogriff bites your hound!
Your hound dies!
Your hound's corpse disappears in a puff of smoke!
You barely miss the hippogriff.
The hippogriff is almost dead.
The hippogriff bites you!
The hippogriff pecks you but does no damage.
The hippogriff claws you.
You barely miss the hippogriff.
The hippogriff is almost dead.
The hippogriff bites you.
* * * LOW HITPOINT WARNING * * *
The hippogriff pecks you but does no damage.
The hippogriff claws you.
* * * LOW HITPOINT WARNING * * *
The hippogriff bites you!
* * * LOW HITPOINT WARNING * * *
The hippogriff pecks you.
You die...

####### .......
....... .......
....... ###.......
.. ###@H....... ..#
#...#....... ...
#.###....... .##.#
##.# .......
.....###...#
###..##
##...#ยง.### #..#
#......## ...#
...##....##### .#.#
##.......###.#.####


You could see a hippogriff.

Vanquished Creatures
  An ice beast (D:4)
  Blork the orc (D:4)
  A hound (D:4)
  A bullfrog skeleton (D:5)
  Jessica (D:2)
  3 adders
  A worm (D:2)
  2 dart slugs
  4 leopard geckos
  3 orcs (D:4)
  15 bats
  3 giant cockroaches
  13 goblins
  5 hobgoblins
  4 jackals (D:4)
  2 quokkas
  A ball python (D:3)
  A ball python skeleton (D:4)
  7 frilled lizards
  3 kobolds
  10 rats
82 creatures vanquished.

Vanquished Creatures (collateral kills)
  The ghost of Vesto the Magician, an amateur OpWz (D:4)
  A jelly (D:4)
  A bullfrog skeleton (D:4)
  Terence (D:2)
  A worker ant (D:4)
  Robin (D:3)
  2 giant cockroaches (D:4)
  5 goblins (D:3)
  2 hobgoblins (D:3)
  A bat (D:2)
16 creatures vanquished.

Vanquished Creatures (others)
  An ooze (D:3)
1 creature vanquished.

Grand Total: 99 creatures vanquished

Notes
Turn   | Place    | Note
-------+----------+-------------------------------------------
     0 | D:1      | 2d6 the Hill Orc Summoner began the quest for the Orb.
     0 | D:1      | Reached XP level 1. HP: 14/14 MP: 3/3
   343 | D:1      | Reached XP level 2. HP: 20/20 MP: 4/4
   347 | D:1      | Learned a level 2 spell: Call Imp
   571 | D:1      | Reached skill level 1 in Armour
   961 | D:2      | Reached XP level 3. HP: 19/27 MP: 3/5
  1070 | D:2      | Reached skill level 1 in Fighting
  1074 | D:2      | Noticed Jessica
  1117 | D:2      | Killed Jessica
  1124 | D:2      | Reached XP level 4. HP: 29/35 MP: 4/7
  1290 | D:2      | Noticed Terence
  1299 | D:2      | Killed Terence
  1566 | D:2      | Found an iron altar of Okawaru.
  2356 | D:3      | Learned a level 2 spell: Blink
  2420 | D:3      | Noticed Robin
  2438 | D:3      | Reached XP level 5. HP: 15/41 MP: 1/8
  2443 | D:3      | Killed Robin
  2466 | D:3      | HP: 1/41 [goblin/stone[Robin] (4)]
  2896 | D:3      | Became a worshipper of Beogh the Brigand
  3339 | D:4      | Reached skill level 1 in Invocations
  3434 | D:4      | Found a shattered altar of Ashenzari.
  3450 | D:4      | Noticed Vesto's ghost (amateur OpWz)
  3467 | D:4      | Gained mutation: Your mind is acute. (Int +2) [potion of mutation]
  3467 | D:4      | Gained mutation: You expend magic power (3 MP) to strengthen your wands. [potion of mutation]
  3469 | D:4      | Killed Vesto's ghost
  3469 | D:4      | Reached skill level 1 in Translocations
  3469 | D:4      | Reached XP level 6. HP: 16/50 MP: 7/9
  3534 | D:4      | Learned a level 3 spell: Call Canine Familiar
  3762 | D:4      | Reached skill level 5 in Summonings
  3775 | D:4      | Noticed an ice beast
  3789 | D:4      | Killed an ice beast
  3789 | D:4      | Reached * piety under Beogh
  4008 | D:4      | HP: 2/50 [bullfrog skeleton (4)]
  4013 | D:4      | HP: 2/50 [poisoned by a worker ant]
  4318 | D:4      | Noticed Blork the orc
  4335 | D:4      | Killed Blork the orc
  4533 | D:4      | Found a bloodstained altar of Trog.
  4542 | D:4      | Found a shadowy altar of Dithmenos.
  4542 | D:4      | Found a hide-covered altar of Uskayaw.
  4542 | D:4      | Found a glowing silver altar of Zin.
  4741 | D:5      | Entered Level 5 of the Dungeon
  4751 | D:5      | Reached XP level 7. HP: 54/57 MP: 11/11
  4766 | D:5      | Noticed a hippogriff
  4787 | D:5      | Slain by a hippogriff

Skill      XL: |  1  2  3  4  5  6 |
---------------+-------------------+-----
Armour         | 1 2 3 |  3.1
Fighting       | 1 2 3 |  3.1
Spellcasting   | 2 |  2.7
Invocations    | 1 2 |  2.7
Translocations | 1 |  1.3
Summonings     | 5 |  5.3
Dodging        | |  1.5
Stealth        | |  1.5

Action                   |  1- 3 |  4- 6 |  7- 9 || total
-------------------------+-------+-------+-------++-------
Melee: Dagger            |    54 |    97 |       ||   151
       Spear             |    50 |   236 |       ||   286
       Halberd           |       |     8 |    13 ||    21
 Fire: Hunting sling     |       |     5 |       ||     5
Throw: Stone             |       |     1 |       ||     1
 Cast: Summon Small Mamm |     3 |     9 |     1 ||    13
       Call Imp          |     1 |    10 |       ||    11
       Blink             |       |     6 |       ||     6
       Call Canine Famil |       |     4 |     1 ||     5
Invok: Convert to Beogh  |       |     1 |       ||     1
Evoke: Wand              |       |       |     1 ||     1
  Use: Potion            |       |     3 |       ||     3
       Scroll            |       |       |     2 ||     2
 Stab: Sleeping          |     3 |    14 |       ||    17
  Eat: Chunk             |     1 |    12 |       ||    13
       Fruit             |       |       |     1 ||     1
Armor: Robe              |    22 |    73 |    13 ||   108
       Leather armour    |       |    24 |       ||    24
Dodge: Dodged            |    72 |   190 |    26 ||   288
